 Dungeon Crawl Stone Soup version 0.27.1-3-gb3d3a73c9e (webtiles) character file.

Game seed: 5960476070678936465

462 khargal the Skirmisher (level 6, -2/43 (52) HPs)
             Began as a Draconian Monk on Oct 19, 2021.
             Slain by a wight (12 damage)
             ... on level 4 of the Dungeon.
             The game lasted 00:11:00 (4478 turns).

khargal the Skirmisher (Draconian Monk)             Turns: 4478, Time: 00:11:00

HP:   -2/43 (52)    AC:  6    Str: 15    XL:     6   Next: 79%
MP:   6/6           EV: 13    Int: 11    God:
Gold: 172           SH:  0    Dex: 13    Spells: 5/5 levels left

rFire    . . .     SeeInvis .   d - +2 quarterstaff
rCold    . . .     Faith    .   (shield currently unavailable)
rNeg     . . .     Spirit   .   (armour unavailable)
rPois    .         Reflect  .   (helmet restricted)
rElec    .         Harm     .   (no cloak)
rCorr    .         Rampage  .   (no gloves)
Will     .....                  (no boots)
Stlth    ++........             (no amulet)
HPRegen  0.14/turn              (no ring)
MPRegen  0.10/turn              (no ring)

@: studying Short Blades, heavily drained
A: AC +6, unfitting armour, cold-blooded
a: no special abilities


You were on level 4 of the Dungeon.
You visited 1 branch of the dungeon, and saw 4 of its levels.

You collected 172 gold pieces.

Inventory:

Hand Weapons
 a - a +0 spear
 d - a +2 quarterstaff (weapon)
 k - a +0 arbalest
 o - a +0 vorpal trident
Armour
 b - a +0 helmet
Magical Staves
 l - a staff of death
Jewellery
 g - a ring of flight
Wands
 i - a wand of polymorph (10)
Scrolls
 e - a scroll of vulnerability {unknown}
Potions
 c - a potion of degeneration
 f - a potion of brilliance
 h - a potion of attraction {unknown}
 j - a potion of berserk rage {unknown}
 m - a potion of heal wounds
 n - a potion of curing {unknown}


   Skills:
 + Level 4.2 Fighting
 + Level 4.0(4.6) Polearms
 + Level 3.3(4.2) Staves
 + Level 3.9 Dodging
 * Level 4.0 Stealth


You had 5 spell levels left.
You didn't know any spells.
Your spell library contained the following spells:

 Spells                   Type           Power      Damage    Failure   Level
 Blink                    Tloc           N/A        N/A       47%         2
 Lesser Beckoning         Tloc           0%         N/A       71%         3
 Manifold Assault         Tloc           0%         N/A       100%        5


Dungeon Overview and Level Annotations

Branches:
Dungeon (4/15)
 Temple: D:4-7

Altars:


Innate Abilities, Weirdness & Mutations

Your plain brown scales are hard. (AC +6)
You cannot fit into any form of body armour.
You are cold-blooded and may be slowed by cold attacks.


Message History

You hit the water moccasin skeleton.
The water moccasin skeleton is almost destroyed.
The water moccasin skeleton closely misses you.
You sock the water moccasin skeleton!
You destroy the water moccasin skeleton!
Your Stealth skill increases to level 4!
There is a stone staircase leading up here.
You see here 18 stones.
The wight barely misses you.
You barely miss the wight. The wight closely misses you.
You barely miss the wight. You tail-slap the wight.
The wight is lightly damaged.
The wight barely misses you.
You hit the wight but do no damage.
The wight is lightly damaged.
The wight hits you with a +2 great sword!
The wight barely misses you.
You hit the wight but do no damage.
The wight is lightly damaged.
The wight hits you with a +2 great sword.
You hit the wight but do no damage.
The wight is lightly damaged.
The wight closely misses you.
You hit the wight but do no damage.
The wight is lightly damaged.
The wight hits you with a +2 great sword.
You feel drained.
You barely miss the wight. You tail-slap the wight.
The wight is moderately damaged.
The wight hits you with a +2 great sword!
* * * LOW HITPOINT WARNING * * *
You feel drained.
* * * LOW HITPOINT WARNING * * *
You hit the wight but do no damage.
Your tail-slap misses the wight.
The wight is moderately damaged.
The wight closely misses you.
You barely miss the wight.
The wight is moderately damaged.
The wight hits you with a +2 great sword!
You die...

..............<.<.............##
..####.......................##
### #.....##..........#......#
.# ###.#####.........#..#####
.#####...####........#.....#
..##..............#).......#
#..........#......##..#...##
..##......##.....[.#..#...#
................@z........#
...[........(...........(.#
####..##..###....).......##
#####...#[..............##
..####.....#.#...#.#.....#
...###.#..###...####....##
....##.##.#.#.....###..##
....##..#...........#...#
....#...#..####.......#..#


You could see a wight.

Vanquished Creatures
  Eustachio (D:4)
  A scorpion (D:3)
  A water moccasin skeleton (D:4)
  2 hounds (D:4)
  An iguana (D:2)
  A gnoll (D:1)
  4 adders
  An adder skeleton (D:4)
  A worm (D:3)
  2 dart slugs
  An orc (D:4)
  7 ball pythons
  2 endoplasms
  5 giant cockroaches
  7 goblins
  10 hobgoblins
  9 jackals
  A quokka (D:1)
  8 bats
  4 frilled lizards
  8 kobolds
  5 rats
82 creatures vanquished.

Notes
Turn   | Place    | Note
-------+----------+-------------------------------------------
     0 | D:1      | khargal the Draconian Monk began the quest for the Orb.
     0 | D:1      | Reached XP level 1. HP: 19/19 MP: 1/1
   224 | D:1      | Reached XP level 2. HP: 19/26 MP: 2/2
   609 | D:1      | Reached XP level 3. HP: 27/31 MP: 3/3
  1599 | D:2      | Found a faded altar of an unknown god.
  1928 | D:2      | Reached XP level 4. HP: 22/40 MP: 4/4
  2701 | D:3      | Reached skill level 1 in Staves
  3139 | D:3      | Reached XP level 5. HP: 46/46 MP: 5/5
  3794 | D:4      | Noticed Eustachio
  3798 | D:4      | Identified a scroll of acquirement
  3799 | D:4      | Acquired a staff of death
  4056 | D:4      | Killed Eustachio
  4057 | D:4      | Reached XP level 6. HP: 22/52 MP: 6/6
  4478 | D:4      | Slain by a wight

Illustrated notes

Levels and vault maps discovered:
D:1:      dpeg_arrival_arbitrary_a, layout_loops_corners
D:2:      layout_loops_ring, ebering_ecumenical_altar_rust
D:3:      layout_basic
D:4:      layout_cave_pools, minmay_manual_moon, uniq_eustachio

Skill      XL: |  1  2  3  4  5  6 |
---------------+-------------------+-----
Dodging        | 3 |  3.9
Stealth        | 2 3 4 |  4.0
Polearms       | 4 |  4.0
Staves         | 1 2 3 |  3.3
Fighting       | 4 |  4.2

Action                   |  1- 3 |  4- 6 || total
-------------------------+-------+-------++-------
Melee: Spear             |   122 |       ||   122
       Tailslap          |    10 |    20 ||    30
       Quarterstaff      |    20 |   155 ||   175
       Staff             |       |     8 ||     8
  Use: Scroll            |     4 |     7 ||    11
       Potion            |       |     3 ||     3
 Stab: Sleeping          |     8 |     6 ||    14
Armor: Skin              |    33 |    63 ||    96
Dodge: Dodged            |    80 |   161 ||   241
